 Dungeon Crawl Stone Soup version 0.31-a0-618-g7ca08c1ff9 (webtiles) character file.

Game seed: 3048579567098429925

1 RepHenryClay the Sneak (level 1, 0/19 HPs)
             Began as a Minotaur Delver on Aug 22, 2023.
             Slain by a white imp (5 damage)
             ... on level 5 of the Dungeon.
             The game lasted 00:00:22 (65 turns).

RepHenryClay the Sneak (Minotaur Delver)              Turns: 65, Time: 00:00:22

Health: 0/19       AC:  6    Str: 16    XL:     1   Next: 16%
Magic:  0/0        EV:  9    Int:  7    God:
Gold:   8          SH:  0    Dex: 11    Spells: 0/0 levels left

rFire   . . .        a - +0 mace
rCold   . . .        (no shield)
rNeg    . . .        h - +0 scale mail
rPois   .            (helmet restricted)
rElec   .            (no cloak)
rCorr   .            (no gloves)
SInv    .            (no boots)
Will    .....        (no amulet)
Stlth   +            (no ring)
HPRegen 0.23/turn    (no ring)
MPRegen 0.07/turn

%: no passive effects
@: no status effects
A: horns 2, retaliatory headbutt
a: no special abilities


You were on level 5 of the Dungeon.
You visited 1 branch of the dungeon, and saw 1 of its levels.

You collected 8 gold pieces.

Inventory:

Hand Weapons
 a - a +0 mace (weapon)
Armour
 b - a +0 leather armour
 h - a +0 scale mail (worn)
Wands
 g - a wand of digging (3)
Scrolls
 c - a scroll of fog
 d - a scroll of revelation
 e - a scroll of fear
Potions
 f - a potion of haste


   Skills:
 - Level 3.6 Fighting
 + Level 2.5 Maces & Flails
 + Level 0.2 Armour
 - Level 2.1 Dodging
 - Level 4.1 Stealth


You couldn't memorise any spells.
You didn't know any spells.
Your spell library was empty.

Dungeon Overview and Level Annotations

Branches:
Dungeon (5/15)
 Temple: D:4-7

Altars:


Innate Abilities, Weirdness & Mutations

You have a pair of horns on your head.
You reflexively headbutt those who attack you in melee.


Message History

You see here a +0 scale mail.
h - a +0 scale mail You start removing your armour.
You continue taking off your +0 leather armour. x4
You finish taking off your +0 leather armour.
You start putting on your armour.
You continue putting on your +0 scale mail. x5
You finish putting on your +0 scale mail.
An adder comes into view.
An adder is nearby!
Found a club.
Found 8 gold pieces.
You now have 8 gold pieces.
Found a stone staircase leading down.
Found a stone staircase leading down.
A quokka comes into view.
A white imp comes into view.
The white imp shouts, "Face thy requiem, thou pandering toenail-biting bounder!"
The white imp shouts, "Return whence thou came, thou venomed spur-galled toady!"
The white imp moves out of view.
You barely miss the quokka.
The quokka bites you but does no damage. x2
You hit the quokka. You headbutt the quokka.
You kill the quokka!
The white imp gestures at you. The puff of frost hits you!
Huge Dmg: -42%(-8hp) hp: 58%(11hp)
Okay, then.
You start resting.
A white imp is nearby!
You barely miss the white imp. Your headbutt misses the white imp.
The white imp hits you. The white imp freezes you.
* * * LOW HITPOINT WARNING * * *
Huge Dmg: -27%(-5hp) hp: 37%(7hp)
You hit the white imp.
The white imp is moderately wounded.
The white imp hits you.
* * * LOW HITPOINT WARNING * * *
The white imp freezes you.
You die...

#.....# #..#.## #..#.##
... #####...... ..
#........## 5. #####.####
. #.# #.### ### #.#
#.#@## #># #.#
##.##.5..## #.# #.#
..........####.# #.#
#..............####.#####
#####....................
.........###############
######..## ####


You could see a white imp.

Vanquished Creatures
  A quokka (D:5)
1 creature vanquished.

Notes
Turn   | Place    | Note
-------+----------+-------------------------------------------
     0 | D:5      | RepHenryClay the Minotaur Delver began the quest for the
                  | Orb.
     0 | D:5      | Reached XP level 1. HP: 19/19 MP: 0/0
    65 | D:5      | Slain by a white imp

Illustrated notes

Levels and vault maps discovered:
D:5:      minmay_opposing_rooms, layout_loops_ring, makhleb_grotto_becter,
          nicolae_fountain_basement

Action                     || total
---------------------------++-------
  Melee: Mace              ||     4
         Headbutt          ||     1
 Armour: Scale mail        ||     2

Table legend: (Time is in decaauts)
 A = Elapsed time spent in this place.
 B = Non-inter-level travel time spent in this place.
 C = Inter-level travel time spent in this place.
 D = Time resting spent in this place.
 E = Time spent auto-exploring this place.
 F = Levels seen in this place.
 G = Mean time per level.
                   A        B        C        D        E       F      G
               +--------+--------+--------+--------+--------+-----+--------+
         Total |     65 |     65 |      0 |      3 |      2 |   1 |   65.0 |
       Dungeon |     65 |     65 |      0 |      3 |      2 |   1 |   65.0 |
               +--------+--------+--------+--------+--------+-----+--------+

Top non-repeatable levels by time:
     D:5: 65 daAuts
